 Dungeon Crawl Stone Soup version 0.16-a0-3338-g5ad3fa0 (console) character file.

84 Roderic the Sneak (level 4, 0/32 HPs)
             Began as a Human Wanderer on Dec 27, 2014.
             Succumbed to an adder's poison
             ... on level 3 of the Dungeon.
             The game lasted 00:07:29 (2058 turns).

Roderic the Sneak (Human Wanderer)                  Turns: 2058, Time: 00:07:29

Health: 0/32       AC:  3    Str: 13    XL:     4   Next: 72%
Magic:  8/8        EV: 12    Int: 14    God:
Gold:   126        SH:  0    Dex: 11    Spells: 0 memorised, 8 levels left

rFire  . . .     SeeInvis .     a - +2 spear
rCold  . . .     Clarity  .     d - +0 robe
rNeg   . . .     SustAb   .     (no shield)
rPois  .         Gourm    .     h - +1 hat
rElec  .         Spirit   .     (no cloak)
rCorr  .         Warding  .     (no gloves)
rMut   .         Stasis   .     (no boots)
MR     .....                    (no amulet)
Stlth  ++........               (no ring)
                                (no ring)

@: lethally poisoned, drained, not resistant to hostile enchantments, unstealthy
A: no striking features
a: no special abilities


You were on level 3 of the Dungeon.
You were not hungry.

You visited 1 branch of the dungeon, and saw 3 of its levels.

You collected 126 gold pieces.

Inventory:

Hand weapons
 a - a +2 spear (weapon)
 e - a +0 dagger
 l - a +3 dagger of draining
Missiles
 i - 28 stones
 q - 3 tomahawks (quivered)
Armour
 d - a +0 robe (worn)
 h - a +1 hat (worn)
Jewellery
 t - an uncursed ring of protection from magic {unknown}
Scrolls
 r - a scroll of immolation {unknown}
 s - 2 scrolls of identify {unknown}
 w - 2 scrolls of remove curse
 x - a scroll of magic mapping {unknown}
Potions
 g - 2 potions of degeneration {unknown}
 k - a potion of poison {unknown}
 m - a potion of cancellation {unknown}
 n - a potion of might {unknown}
 o - a potion of flight {unknown}
 p - a potion of ambrosia {unknown}
 u - a potion of curing
 v - a potion of mutation {unknown}
Books
 b - the Almanac of Protection

   Spells                             Type                      Level
   a - Infusion                       Charms                       1
   b - Flight                         Charms/Air                   3
 c - Lehudib's Grimoire of Stones

   Spells                             Type                      Level
   a - Sandblast                      Earth                        1
   b - Stone Arrow                    Conjuration/Earth            3
Comestibles
 f - a bread ration
 j - a beef jerky


   Skills:
 + Level 1.4(1.1) Fighting
 + Level 1.4(1.1) Polearms
 + Level 2.0(1.7) Dodging
 + Level 3.1(2.8) Stealth
 + Level 2.6(2.3) Spellcasting
   Level 2.0(1.7) Translocations
   Level 1.0(0.7) Earth Magic
   Level 1.0(0.7) Evocations


You had 8 spell levels left.
You didn't know any spells.

Dungeon Overview and Level Annotations

Branches:
Dungeon (3/15)

Altars:
Gozag
Makhleb
Trog


Message History

The adder bites you.
You hit the adder but do no damage. The adder bites you.
You closely miss the adder. The adder barely misses you. The adder bites you.
You are poisoned.
The adder poisons you!
You barely miss the adder.
You feel sick. The adder bites you.
* * * LOW HITPOINT WARNING * * *
You are lethally poisoned!
The adder poisons you!
You barely miss the adder.
* * * LOW HITPOINT WARNING * * *
You feel sick. The adder closely misses you.
You miss the adder.
* * * LOW HITPOINT WARNING * * *
You feel sick.
The orc shouts!
The adder completely misses you. The adder bites you.
* * * LOW HITPOINT WARNING * * *
You closely miss the adder.
You die...

▒.[.▒..▒..▒..▒..▒
▒.▒o.▒..▒..▒..▒.▒
▒...............▒
▒▒▒.............▒
▒go.....▒▒.▒▒▒▒
▒o▒▒.......▒
▒g▒▒.▒▒.▒▒...
▒S▒▒.....▒.▒▒
▒@▒▒▒▒.....▒
▒........>.▒
▒▒▒▒▒......▒
▒......▒ ▒▒▒
▒......▒ ▒..
▒.▒▒▒▒.▒▒ ▒.▒
▒.▒▒▒▒.▒▒.▒▒.▒
▒.......▒.....
▒▒▒▒▒...▒▒▒▒.▒


You could see an adder, 3 orcs, a hobgoblin and a goblin.

Vanquished Creatures
  2 adders
  2 giant mites
  A worm (D:2)
  A giant gecko (D:2)
  5 giant cockroaches
  5 goblins
  5 hobgoblins
  A quokka (D:3)
  A ball python zombie (D:3)
  6 bats
  2 giant newts
  9 kobolds
  4 rats
44 creatures vanquished.

Notes
Turn   | Place    | Note
--------------------------------------------------------------
     0 | D:1      | Roderic, the Human Wanderer, began the quest for the Orb.
     0 | D:1      | Roderic set off with: a +2 spear, the Almanac of Protection, Lehudib's Grimoire of Stones, a +0 robe, a +0 dagger, a bread ration
     0 | D:1      | Reached XP level 1. HP: 15/15 MP: 3/3
     2 | D:1      | Noticed a felid
     2 | D:1      | Noticed a minotaur
     4 | D:1      | Noticed an ogre
     4 | D:1      | Noticed a human
     6 | D:1      | Noticed a tengu
     6 | D:1      | Noticed a centaur
     8 | D:1      | Noticed a dwarf
     8 | D:1      | Noticed a demigod
    10 | D:1      | Noticed a ghoul
    10 | D:1      | Noticed a spriggan
    12 | D:1      | Noticed a formicid
    16 | D:1      | Noticed a demonspawn
    16 | D:1      | Noticed a vine stalker
    18 | D:1      | Noticed a draconian
    22 | D:1      | Noticed a merfolk
    24 | D:1      | Noticed an octopode
    24 | D:1      | Noticed a vampire
    26 | D:1      | Noticed a troll
    26 | D:1      | Noticed a naga
    28 | D:1      | Noticed an elf
    28 | D:1      | Noticed a gargoyle
   111 | D:1      | Reached XP level 2. HP: 5/21 MP: 5/5
   144 | D:1      | Identified the Almanac of Protection
   144 | D:1      | Identified Lehudib's Grimoire of Stones
   360 | D:1      | HP: 1/21 [giant mite (5)]
   364 | D:1      | Reached XP level 3. HP: 1/26 MP: 6/6
   931 | D:2      | Reached skill level 1 in Dodging
  1171 | D:2      | Found a bloodstained altar of Trog.
  1253 | D:2      | Reached skill level 3 in Stealth
  1253 | D:2      | Reached XP level 4. HP: 32/32 MP: 8/8
  1791 | D:2      | Found a burning altar of Makhleb.
  1924 | D:3      | Found an opulent altar of Gozag.
  2057 | D:3      | HP: 1/32 [adder (3)]
  2058 | D:3      | Succumbed to an adder's poison

Action                   |  1- 3 |  4- 6 || total
-------------------------+-------+-------++-------
Melee: Spear             |    99 |    68 ||   167
  Use: Scroll            |     3 |       ||     3
       Potion            |     3 |       ||     3
 Stab: Sleeping          |     2 |     1 ||     3
  Eat: Bread ration      |     1 |       ||     1
